 Dungeon Sprint DCSS version 0.30-a0-172-gc5509c9e31 (webtiles) character file.

Game seed: 14375251490217767556

1467 mhtbhm the Earth Mage (level 8, -7/42 HPs)
             Began as a Gargoyle Earth Elementalist on Oct 1, 2022.
             Was a Priest of Vehumet.
             Mangled by a two-headed ogre
             ... wielding a +0 giant club
              (23 damage)
             ... in the Dungeon (Sprint III: "The Ten Rune Challenge").
             The game lasted 00:03:41 (846 turns).

mhtbhm the Earth Mage (Gargoyle Earth Elementalist)  Turns: 846, Time: 00:03:41

Health: -7/42      AC:  8    Str: 13    XL:     8   Next: 77%
Magic:  7/23       EV: 13    Int: 17    God:    Vehumet [***...]
Gold:   36         SH:  0    Dex: 10    Spells: 19/29 levels left

rFire   . . .      SeeInvis .    e - +3 quarterstaff (chaos)
rCold   . . .      Faith    .    (shield currently unavailable)
rNeg    + . .      Spirit   .    a - +0 robe
rPois   ∞          Reflect  .    (no helmet)
rElec   +          Harm     .    d - +0 cloak
rCorr   .          Rampage  .    (no gloves)
Will    .....      NoTele   +    (no boots)
Stlth   ++........               (no amulet)
HPRegen 0.27/turn                (no ring)
MPRegen 0.18/turn                (no ring)

@: no status effects
A: sickness immunity, AC +5, negative energy resistance 1, electricity
resistance, torment resistance 1, petrification resistance
a: Renounce Religion


You were in the Dungeon.
You worshipped Vehumet.
Vehumet was most pleased with you.
You visited 1 branch You collected 36 gold pieces.

Inventory:

Hand Weapons
 e - a +3 quarterstaff of chaos (weapon)
Armour
 a - a +0 robe (worn)
 d - a +0 cloak (worn)
Jewellery
 i - a ring of ice
Scrolls
 h - a scroll of poison {unknown}
 k - 2 scrolls of torment {unknown}
 l - 2 scrolls of identify {unknown}
Potions
 b - 3 potions of magic
 c - 2 potions of curing
 f - a potion of berserk rage
 g - a potion of might
 j - 4 potions of mutation {unknown}
 m - 2 potions of flight {unknown}
Miscellaneous
 n - a tin of tremorstones (2/2)


   Skills:
 + Level 0.6 Fighting
 + Level 5.3 Dodging
 + Level 4.6 Stealth
 + Level 11.3 Spellcasting
 + Level 1.1 Conjurations
 + Level 0.9 Transmutations
 + Level 15.4 Earth Magic
 + Level 0.1 Evocations


You had 19 spell levels left.
You knew the following spells:

 Your Spells              Type           Power      Damage    Failure   Level
a - Sandblast             Erth           100%       2d20      0%          1
b - Passwall              Tmut/Erth      30%        N/A       1%          2
c - Stone Arrow           Conj/Erth      74%        3d11      1%          3
d - Petrify               Tmut/Erth      37%        N/A       2%          4

Your spell library contained the following spells:

 Spells                   Type           Power      Damage    Failure   Level
 Poisonous Vapours        Pois/Air       18%        N/A       3%          2
 Shock                    Conj/Air       44%        1d5       1%          1
 Momentum Strike          Conj/Tloc      22%        3d8       2%          2
 Blink                    Tloc           18%        N/A       12%         2
 Airstrike                Air            4%         2d(1-17)  19%         4
 Lesser Beckoning         Tloc           9%         N/A       22%         3
 Swiftness                Air            9%         N/A       22%         3


Dungeon Overview and Level Annotations

Branches:
Dungeon (1/1)

Altars:
Cheibriados
Dithmenos
Elyvilon
Fedhas
Gozag
Hepliaklqana
Kikubaaqudgha
Makhleb
Nemelex Xobeh
Okawaru
Qazlal
Ru
Sif Muna
Trog
Uskayaw
Vehumet
Wu Jian
Xom
Yredelemnul
Zin
The Shining One
Jiyva
Lugonu


Innate Abilities, Weirdness & Mutations

You are immune to sickness and miasma.
Your stone body is resilient. (AC +5)
You are immune to poison.
You resist negative energy. (rN+)
You are resistant to electric shocks. (rElec)
You are resistant to unholy torment.
You are immune to petrification.


Message History

Casting: Stone Arrow (safe; 1% risk of failure)
Confirm with . or Enter, or press ? or * to list all spells.
Aiming: Sandblast (safe; 0% risk of failure)
Press: ? - help, Shift-Dir - straight line, f/p - two-headed ogre
Aim: a two-headed ogre, wielding a +0 giant spiked club and a +0 dire flail (almost dead, 93% to hit)
The blast of sand hits the two-headed ogre!!
You kill the two-headed ogre!
Vehumet accepts your kill.
You feel your power returning.
Your tin of tremorstones (2/2) has regained one charge.
Unknown command.
You start resting.
A two-headed ogre comes into view.
It is wielding a +0 giant club and a +0 giant spiked club.
Casting: Sandblast (safe; 0% risk of failure)
Confirm with . or Enter, or press ? or * to list all spells.
Aiming: Stone Arrow (safe; 1% risk of failure)
Press: ? - help, Shift-Dir - straight line, f - two-headed ogre
Aim: a two-headed ogre, wielding a +0 giant club and a +0 giant spiked club (wandering, hasn't noticed you, 88% to hit)
The stone arrow hits the two-headed ogre!
The two-headed ogre is moderately wounded.
The two-headed ogre shouts in stereo!
Casting: Stone Arrow (safe; 1% risk of failure)
Confirm with . or Enter, or press ? or * to list all spells.
Aiming: Stone Arrow (safe; 1% risk of failure)
Press: ? - help, Shift-Dir - straight line, f/p - two-headed ogre
Aim: a two-headed ogre, wielding a +0 giant club and a +0 giant spiked club (moderately wounded, 88% to hit)
The stone arrow hits the two-headed ogre.
The two-headed ogre is moderately wounded.
Unknown command.
Casting: Stone Arrow (safe; 1% risk of failure)
Confirm with . or Enter, or press ? or * to list all spells.
Aiming: Sandblast (safe; 0% risk of failure)
Press: ? - help, Shift-Dir - straight line, f/p - two-headed ogre
Aim: a two-headed ogre, wielding a +0 giant club and a +0 giant spiked club (moderately wounded, 93% to hit)
The blast of sand hits the two-headed ogre!
The two-headed ogre is heavily wounded.
The two-headed ogre hits you with a +0 giant club!!
The two-headed ogre hits you with a +0 giant spiked club!!
Ouch! That really hurt!
You die...

.#..###)#'###)##
'#..#..........#
#...'.⌠........#
#...#...######'#
....#.⌠.#__#...# #
....#...#__#...# #.#
....#'###__#...## ..
....#)).#__#...'##.#
....#___#__'...#@O.#
▓▓▓▓▓▓▓▓▓▓▓▓▓▓▓▓▓▓▓▓


You could see a two-headed ogre.

Vanquished Creatures
  A deep elf pyromancer (D)
  A shadow (D)
  A spatial vortex (D)
  3 two-headed ogres (D)
  A necrophage (D)
  A water elemental (D)
  A jelly (D)
  Crazy Yiuf (D)
  Jessica (D)
  A wizard (D)
  A necromancer (D)
  3 humans (D)
  A kobold demonologist (D)
  3 rats (D)
20 creatures vanquished.

Vanquished Creatures (others)
  A plant (D)
1 creature vanquished.

Grand Total: 21 creatures vanquished

Notes
Turn   | Place    | Note
-------+----------+-------------------------------------------
     0 | D        | mhtbhm the Gargoyle Earth Elementalist began the quest for
                  | the Orb.
     0 | D        | Reached XP level 1. HP: 10/10 MP: 3/3
    11 | D        | Reached skill level 4 in Earth Magic
    72 | D        | Noticed Jessica
    75 | D        | Killed Jessica
    76 | D        | Reached skill level 6 in Earth Magic
    76 | D        | Reached XP level 2. HP: 14/15 MP: 3/6
    76 | D        | Reached XP level 3. HP: 17/19 MP: 3/7
   119 | D        | Learned a level 2 spell: Passwall
   123 | D        | Learned a level 3 spell: Stone Arrow
   132 | D        | Noticed Crazy Yiuf
   148 | D        | Reached skill level 7 in Earth Magic
   200 | D        | Killed Crazy Yiuf
   201 | D        | Reached skill level 8 in Earth Magic
   201 | D        | Reached XP level 4. HP: 8/24 MP: 1/10
   275 | D        | Learned a level 4 spell: Petrify
   292 | D        | Noticed a water elemental
   298 | D        | Killed a water elemental
   299 | D        | Reached skill level 5 in Spellcasting
   299 | D        | Reached skill level 9 in Earth Magic
   299 | D        | Reached XP level 5. HP: 8/28 MP: 1/12
   439 | D        | Found a radiant altar of Vehumet.
   439 | D        | Found a shimmering blue altar of Sif Muna.
   439 | D        | Found an ancient bone altar of Kikubaaqudgha.
   442 | D        | Reached skill level 10 in Earth Magic
   445 | D        | Became a worshipper of Vehumet
   469 | D        | Found a basalt altar of Yredelemnul.
   469 | D        | Found a shadowy altar of Dithmenos.
   469 | D        | Found a sacrificial altar of Ru.
   473 | D        | Reached skill level 11 in Earth Magic
   473 | D        | Reached XP level 6. HP: 32/32 MP: 10/15
   512 | D        | Found a glowing silver altar of Zin.
   512 | D        | Found a glowing golden altar of the Shining One.
   512 | D        | Found a white marble altar of Elyvilon.
   512 | D        | Noticed a deep elf pyromancer
   516 | D        | Killed a deep elf pyromancer
   516 | D        | Reached * piety under Vehumet
   516 | D        | Offered knowledge of Magic Dart by Vehumet.
   517 | D        | Reached skill level 13 in Earth Magic
   517 | D        | Reached XP level 7. HP: 8/36 MP: 9/19
   627 | D        | Found a hide-covered altar of Uskayaw.
   627 | D        | Found an iron altar of Okawaru.
   627 | D        | Found a bloodstained altar of Trog.
   627 | D        | Found an ornate altar of the Wu Jian Council.
   627 | D        | Noticed a human
   627 | D        | Noticed a human
   631 | D        | Killed a human
   632 | D        | Reached skill level 14 in Earth Magic
   636 | D        | Killed a human
   637 | D        | Reached skill level 5 in Dodging
   637 | D        | Reached skill level 10 in Spellcasting
   637 | D        | Reached XP level 8. HP: 10/41 MP: 8/22
   761 | D        | Noticed a shadow
   763 | D        | Killed a shadow
   763 | D        | Reached ** piety under Vehumet
   763 | D        | Offered knowledge of Poisonous Vapours by Vehumet.
   779 | D        | Found a blossoming altar of Fedhas.
   779 | D        | Found a stormy altar of Qazlal.
   779 | D        | Found a snail-covered altar of Cheibriados.
   779 | D        | Found a burning altar of Makhleb.
   779 | D        | Found a shimmering altar of Xom.
   780 | D        | Found a hazy altar of Hepliaklqana.
   780 | D        | Found an opulent altar of Gozag.
   780 | D        | Found a sparkling altar of Nemelex Xobeh.
   780 | D        | Found a corrupted altar of Lugonu.
   780 | D        | Found a viscous altar of Jiyva.
   818 | D        | Reached skill level 15 in Earth Magic
   819 | D        | Reached *** piety under Vehumet
   820 | D        | Reached skill level 1 in Conjurations
   843 | D        | Noticed a two-headed ogre
   846 | D        | Mangled by a two-headed ogre

Illustrated notes

Levels and vault maps discovered:
D:        dungeon_sprint_mu [sprint_mu_entry_cave, sprint_mu_temple_rooms,
          sprint_mu_d1_spiders, sprint_mu_d2_genie, sprint_mu_d3_branching,
          sprint_mu_orc_legion, sprint_mu_elf_gauntlet, sprint_mu_hive_nellie,
          sprint_mu_lair_fedhas, sprint_mu_vaults_butterflies,
          sprint_mu_slime_circle, sprint_mu_swamp_cave, sprint_mu_shoals_archi,
          sprint_mu_blade_basic, sprint_mu_crypt_fortress,
          sprint_mu_tomb_spiral, sprint_mu_vestibule_basic,
          sprint_mu_gehenna_hellfire, sprint_mu_dis_giant,
          sprint_mu_tartarus_statrot, sprint_mu_cocytus_islands, sprint_mu_zot1]

Skill      XL: |  1  2  3  4  5  6  7  8 |
---------------+-------------------------+-----
Earth Magic    | 6 8 9 11 13 14 15 | 15.4
Dodging        | 2 3 4 5 |  5.3
Spellcasting   | 3 4 5 6 9 10 11 | 11.3
Stealth        | 3 4 |  4.6
Conjurations   | 1 |  1.1
Fighting       | |  0.6
Transmutations | |  0.9
Evocations     | |  0.1

Action                   |  1- 3 |  4- 6 |  7- 9 || total
-------------------------+-------+-------+-------++-------
 Cast: Sandblast         |    15 |    11 |    16 ||    42
       Stone Arrow       |       |     3 |     9 ||    12
Evoke: Tin of tremorston |       |       |     1 ||     1
  Use: Potion            |     2 |       |       ||     2
       Scroll            |       |     1 |       ||     1
Armor: Robe              |     1 |       |     1 ||     2
Dodge: Dodged            |     8 |     3 |    13 ||    24

Table legend: (Time is in decaauts)
 A = Elapsed time spent in this place.
 B = Non-inter-level travel time spent in this place.
 C = Inter-level travel time spent in this place.
 D = Time resting spent in this place.
 E = Time spent auto-exploring this place.
 F = Levels seen in this place.
 G = Mean time per level.
                   A        B        C        D        E       F      G
               +--------+--------+--------+--------+--------+-----+--------+
         Total |    848 |    848 |      0 |    533 |     26 |   1 |  848.0 |
       Dungeon |    848 |    848 |      0 |    533 |     26 |   1 |  848.0 |
               +--------+--------+--------+--------+--------+-----+--------+

Top non-repeatable levels by time:
       D: 848 daAuts
